cohdb
Replays
Latest Replays
All Replays
Popular Replays
Top Player Replays
Match Explorer
How It Works
Community
CoH3 Stats
Reddit
Sign in to upload your games and track your stats! →
Sign in with Steam
Match 47392466
Unlisted
Match 47392466
Overview
Messages
Build Orders
End
Panzergrenadier Squad
Panzergrenadier Squad
Panzergrenadier Squad
Construct Light Support Kompanie
Fire Support Elements
Selects Armored Support Battlegroup
Selects Veteran Gunners
Pak 38 Mechanized Group
Veteran Squad Leaders
Construct Panzerarmee Kommand
Panzer III L Medium Tank
Tungsten Core Ammunition
Emergency Repair Kits
Selects Salvage Kits
Panzer III L Medium Tank
Vehicle Survival Package
Assault Mechanized Group
Selects Panzer Storm
Panzer III L Medium Tank
Selects Stuka Anti-tank Loiter
Flak 36 Anti-tank Gun Team
Stuka Anti-tank Loiter
Armored Reserves
Panzer IV Assault Group
Selects Flammpanzer III Medium Tank
Selects Command Panzer IV F Medium Tank
Flakvierling Half-track
Stuka Anti-tank Loiter
Tiger Heavy Tank
Flak 36 Anti-tank Gun Team
Flak 36 Anti-tank Gun Team
Stuka Anti-tank Loiter
Panzer IV Assault Group
Stuka Anti-tank Loiter
Flak 36 Anti-tank Gun Team
Flak 36 Anti-tank Gun Team
StuG Assault Group
Stuka Anti-tank Loiter
Methiebe
Mr.Faraam
Ares
CiachBajera
Schmarsten Ca$hgeier
Frankenfreund
Mr.Larry.Mx
Papa Smurf
0
0
Comments
sign in to comment!
No comments posted yet!